 Dungeon Crawl Stone Soup version 0.29-a0-356-g7bc237e783 (webtiles) character file.

Game seed: 9868937548763119951

486 rabbitsville the Fighter (level 7, -5/74 HPs)
             Began as an Ogre Monk on Apr 25, 2022.
             Was a Believer of Elyvilon.
             Slain by a gnoll
             ... wielding a +0 halberd
              (6 damage)
             ... on level 5 of the Dungeon.
             The game lasted 00:13:11 (3959 turns).

rabbitsville the Fighter (Ogre Monk)                Turns: 3959, Time: 00:13:12

Health: -5/74      AC:  5    Str: 16 (18) XL:     7   Next: 13%
Magic:  11/11      EV:  6    Int: 14 (17) God:    Elyvilon [**....]
Gold:   245        SH:  9    Dex:  9 (11) Spells: 13/13 levels left

rFire   . . .      SeeInvis .   a - +0 mace
rCold   . . .      Faith    .   r - +0 tower shield
rNeg    . . .      Spirit   .   b - +0 robe
rPois   .          Reflect  .   (helmet restricted)
rElec   .          Harm     .   (no cloak)
rCorr   +          Rampage  .   (gloves unavailable)
Will    .....                   (boots unavailable)
Stlth   +.........              e - amulet of regeneration
HPRegen 1.02/turn               j - +6 ring of intelligence
MPRegen 0.12/turn               k - ring of resist corrosion

@: lit by a corona, glowing
A: large, unfitting armour, tough skin 1, horns 1, iridescent scales 1, frail 1,
low MP 1
a: Renounce Religion, Purification, Heal Other


You were on level 5 of the Dungeon.
You worshipped Elyvilon.
Elyvilon was pleased with you.
You visited 2 branches of the dungeon, and saw 7 of its levels.

You collected 245 gold pieces.

Inventory:

Hand Weapons
 a - a +0 mace (weapon)
Missiles
 c - 2 throwing nets (quivered)
Armour
 b - a +0 robe (worn)
 r - a +0 tower shield (worn)
Magical Staves
 p - a staff of earth
Jewellery
 e - an amulet of regeneration (around neck)
 j - a +6 ring of intelligence (left hand)
 k - a ring of resist corrosion (right hand)
Wands
 n - a wand of flame (11)
 o - a wand of acid (11)
 q - a wand of iceblast (13)
Scrolls
 f - a scroll of summoning {unknown}
 g - 2 scrolls of teleportation {unknown}
 h - 2 scrolls of amnesia {unknown}
 i - a scroll of acquirement {unknown}
 l - 5 scrolls of identify {unknown}
 m - a scroll of enchant armour {unknown}
 t - a scroll of blinking {unknown}
 v - a scroll of noise {unknown}
Potions
 x - a potion of brilliance


   Skills:
 * Level 9.1 Fighting
 - Level 2.6 Maces & Flails
 - Level 2.6 Dodging
 - Level 1.4 Stealth
 + Level 3.7 Spellcasting


You had 13 spell levels left.
You didn't know any spells.
Your spell library contained the following spells:

 Spells                   Type           Power      Damage    Failure   Level
 Static Discharge         Conj/Air       2%         N/A       95%         2
 Dispel Undead            Necr           2%         3d7       100%        4
 Sticky Flame             Conj/Fire      2%         2d3       100%        4


Dungeon Overview and Level Annotations

Branches:
Dungeon (6/15)             Temple (1/1) D:5

Altars:
Ashenzari
Elyvilon
Fedhas
Hepliaklqana
Makhleb
Nemelex Xobeh
Okawaru
Qazlal
Sif Muna
Trog
Uskayaw
Yredelemnul
Zin

Shops:
D:4 :


Innate Abilities, Weirdness & Mutations

You are too large for most types of armour.
You have tough skin. (AC +1)
You have a pair of small horns on your head.
You are partially covered in iridescent scales. (AC +2)
You are frail. (-10% HP)
Your magical capacity is low. (-10% MP)


Message History

* * * LOW HITPOINT WARNING * * *
The gnoll hits you from afar with a +0 halberd!
* * * LOW HITPOINT WARNING * * *
You closely miss the gnoll shaman.
The gnoll shaman is severely wounded.
The gnoll hits you but does no damage. You block the gnoll shaman's attack.
The gnoll hits you but does no damage. You block the gnoll shaman's attack.
You block the gnoll's attack.
Unknown command.
You hit the gnoll shaman but do no damage.
The gnoll shaman is severely wounded.
You feel less wooden.
Your +0 robe unmelds from your body.
The gnoll hits you from afar with a +0 halberd.
* * * LOW HITPOINT WARNING * * *
You block the gnoll shaman's attack. The gnoll barely misses you.
It was a potion of cancellation.
You feel magically purged.
The gnoll hits you from afar with a +0 halberd.
* * * LOW HITPOINT WARNING * * *
You block the gnoll shaman's attack. You block the gnoll's attack.
You feel better.
The gnoll shaman hits you with a +0 whip!
* * * LOW HITPOINT WARNING * * *
The gnoll barely misses you.
You hit the gnoll shaman.
You headbutt the gnoll shaman, but do no damage.
The gnoll shaman is almost dead.
You block the gnoll's attack.
The gnoll shaman mumbles some strange prayers to its god against you.
You easily resist.
The gnoll barely misses you. You block the gnoll shaman's attack.
You hit the gnoll shaman.
The gnoll shaman is almost dead.
You block the gnoll's attack.
The gnoll hits you from afar with a +0 halberd.
* * * LOW HITPOINT WARNING * * *
The gnoll shaman mumbles some strange prayers to its god against you.
You are outlined in light.
The gnoll hits you from afar with a +0 halberd.
You die...

#.#####..g##..#.#.......## #.#
#.g.##..#.#<#####... #.#
##.g.......#.# .... #.#
#............# .#... #.#
#<.........### #.#..#
#####.####.#####....#####.#..#
#.............##..............
#.##.......gg)..[.........
####.##.#####.##@##...#####..
.....##.#####.##>##...# .
#######.#.....##)##...# #..#
#.#.######.##...# #..# #.#.#
#.##...#####..## #...#
#.##........... ##..#
#.##.....###.)# #..#
#..#.#...# #..# #..#
##.#....[###..#


You could see a gnoll shaman and a gnoll (fast).

Vanquished Creatures
  A centaur (D:5)
  2 scorpions (D:4)
  A howler monkey (D:5)
  A jelly (D:5)
  An orc priest (D:4)
  An orc wizard (D:4)
  6 gnolls
  4 adders
  An ufetubus (D:5)
  2 worms (D:2)
  3 orcs (D:4)
  5 ball pythons
  7 bats
  4 endoplasms
  4 giant cockroaches
  5 goblins
  3 hobgoblins
  6 jackals
  3 quokkas
  3 frilled lizards
  3 kobolds
  7 rats
73 creatures vanquished.

Notes
Turn   | Place    | Note
-------+----------+-------------------------------------------
     0 | D:1      | rabbitsville the Ogre Monk began the quest for the Orb.
     0 | D:1      | Reached XP level 1. HP: 24/24 MP: 1/1
   509 | D:1      | Reached XP level 2. HP: 33/33 MP: 2/2
   710 | D:1      | Reached skill level 5 in Fighting
   901 | D:2      | Found a hazy altar of Hepliaklqana.
   932 | D:2      | Reached XP level 3. HP: 39/42 MP: 3/3
  1507 | D:2      | Reached skill level 6 in Fighting
  1840 | D:3      | Found a sparkling altar of Nemelex Xobeh.
  1978 | D:3      | Reached XP level 4. HP: 53/53 MP: 4/4
  2117 | D:3      | Found a stormy altar of Qazlal.
  2214 | D:4      | Reached skill level 1 in Spellcasting
  2232 | D:4      | Noticed a scorpion
  2245 | D:4      | Killed a scorpion
  2246 | D:4      | Reached skill level 7 in Fighting
  2246 | D:4      | Reached XP level 5. HP: 49/62 MP: 5/7
  2750 | D:4      | Reached XP level 6. HP: 13/72 MP: 9/9
  2849 | D:4      | Found Xooceicw's Book Shop.
  2965 | D:4      | Found a broken altar of Ashenzari.
  3014 | D:4      | Reached skill level 8 in Fighting
  3187 | D:5      | Entered Level 5 of the Dungeon
  3312 | D:5      | Found a white marble altar of Elyvilon.
  3315 | D:5      | Became a worshipper of Elyvilon the Healer
  3315 | D:5      | Reached * piety under Elyvilon
  3315 | D:5      | Reached ** piety under Elyvilon
  3387 | D:5      | Gained mutation: You are frail. (-10% HP) [potion of
                  | mutation]
  3387 | D:5      | Gained mutation: You have a pair of small horns on your
                  | head. [potion of mutation]
  3387 | D:5      | Gained mutation: Your magical capacity is low. (-10% MP)
                  | [potion of mutation]
  3387 | D:5      | Gained mutation: You are partially covered in iridescent
                  | scales. (AC +2) [potion of mutation]
  3570 | D:5      | Found a staircase to the Ecumenical Temple.
  3583 | Temple   | Entered the Ecumenical Temple
  3790 | D:5      | Reached skill level 9 in Fighting
  3790 | D:5      | Reached XP level 7. HP: 65/74 MP: 9/11
  3959 | D:5      | HP: 1/74 [gnoll/+0 halberd (6)]
  3959 | D:5      | Slain by a gnoll

Illustrated notes

Levels and vault maps discovered:
D:1:      elethiomel_arrival_maze, layout_basic
D:2:      layout_basic, basic_altar, corner_web_ring, kennysheep_nondescript
D:3:      layout_rooms, nicolae_qazlal_scattered_showers,
          nemelex_spade_bored_becter
D:4:      wander_river, layout_loops_corners, nicolae_overflow_crystal_walls,
          serial_shops, shop
D:5:      layout_loops_ring, mainiacjoe_overflow_swirl,
          minmay_temple_entry_statues_fountains
D:6:      layout_basic
Temple:   nicolae_temple_figure_zero

Skill      XL: |  1  2  3  4  5  6 |
---------------+-------------------+-----
Fighting       | 5 6 7 9 |  9.1
Spellcasting   | 1 2 3 |  3.7
Maces & Flails | |  2.6
Dodging        | |  2.6
Stealth        | |  1.4

Action                   |  1- 3 |  4- 6 |  7- 9 || total
-------------------------+-------+-------+-------++-------
Melee: Mace              |   119 |   135 |    28 ||   282
       Punch             |     2 |     3 |       ||     5
       Headbutt          |       |     5 |     2 ||     7
  Use: Potion            |       |     8 |     3 ||    11
 Stab: Sleeping          |     5 |     3 |       ||     8
Armor: Robe              |    43 |    36 |     1 ||    80
       Skin              |       |       |    36 ||    36
Dodge: Dodged            |   100 |   105 |     8 ||   213
Block: Tower shield      |       |    17 |    37 ||    54

Table legend: (Time is in decaauts)
 A = Elapsed time spent in this place.
 B = Non-inter-level travel time spent in this place.
 C = Inter-level travel time spent in this place.
 D = Time resting spent in this place.
 E = Time spent auto-exploring this place.
 F = Levels seen in this place.
 G = Mean time per level.
                   A        B        C        D        E       F      G
               +--------+--------+--------+--------+--------+-----+--------+
         Total |   4062 |   3942 |    120 |     66 |   2718 |   7 |  580.3 |
       Dungeon |   3924 |   3804 |    120 |     66 |   2606 |   6 |  654.0 |
        Temple |    137 |    137 |      0 |      0 |    112 |   1 |  137.0 |
               +--------+--------+--------+--------+--------+-----+--------+

Top non-repeatable levels by time:
     D:4: 1106 daAuts
     D:1: 869 daAuts
     D:2: 792 daAuts
     D:5: 631 daAuts
     D:3: 522 daAuts
  Temple: 137 daAuts
     D:6: 1 daAuts
